 Dungeon Crawl Stone Soup version 0.18-a0-824-g47fe746 (webtiles) character file.

8306 zero the Severer (level 11, -12/82 HPs)
             Began as a Minotaur Berserker on Dec 12, 2015.
             Was a High Priest of Trog.
             Mangled by a three-headed hydra (14 damage)
             ... on level 1 of the Lair of Beasts on Dec 17, 2015.
             The game lasted 00:18:10 (11752 turns).

zero the Severer (Minotaur Berserker)              Turns: 11752, Time: 00:18:10

Health: -12/82     AC:  8    Str: 24    XL:     11   Next: 8%
Magic:  3/10       EV: 10    Int:  4    God:    Trog [*****.]
Gold:   448        SH:  0    Dex: 11    Spells: 0 memorised, 10 levels left

rFire  . . .     SeeInvis .     i - +3 scimitar (flame)
rCold  . . .     Gourm    .     E - +0 scale mail
rNeg   . . .     Faith    .     (no shield)
rPois  +         Spirit   .     (helmet restricted)
rElec  .         Dismiss  .     k - +0 cloak
rCorr  .         Reflect  .     (no gloves)
SustAt .         Harm     .     N - +0 pair of boots
MR     .....                    (no amulet)
Stlth  ..........               G - +2 ring of slaying
                                v - ring of poison resistance

@: not resistant to hostile enchantments, extremely unstealthy
A: retaliatory headbutt, horns 2
a: Berserk, Trog's Hand, Brothers in Arms, Burn Spellbooks, Renounce Religion


You were on level 1 of the Lair of Beasts.
You worshipped Trog.
Trog was extremely pleased with you.
You were not hungry.

You visited 2 branches of the dungeon, and saw 10 of its levels.

You collected 448 gold pieces.

Inventory:

Hand Weapons
 h - a +1 antimagic battleaxe
 i - a +3 scimitar of flaming (weapon)
Armour
 k - a +0 cloak (worn)
 E - a +0 scale mail (worn)
 N - a +0 pair of boots (worn)
Jewellery
 s - an uncursed ring of fire
 v - a ring of poison resistance (left hand)
 A - an uncursed ring of flight
 G - a +2 ring of slaying (right hand)
Wands
 a - a wand of disintegration (9)
 D - a wand of flame (48)
 O - a wand of frost (7)
Scrolls
 b - 2 scrolls of remove curse
 e - 8 scrolls of teleportation
 l - a scroll of fear
 n - a scroll of enchant weapon
 y - a scroll of magic mapping
 F - 2 scrolls of recharging
Potions
 f - 7 potions of heal wounds
 g - a potion of lignification
 j - a potion of berserk rage
 m - a potion of haste {unknown}
 o - a potion of invisibility
 q - a potion of resistance
 t - a potion of curing
 u - a potion of poison
 w - a potion of brilliance
Books
 d - a book of Frost

   Spells                             Type                      Level
   a - Freeze                         Ice                          1
   b - Throw Frost                    Conjuration/Ice              2
   c - Ozocubu's Armour               Charms/Ice                   3
   d - Throw Icicle                   Conjuration/Ice              4
   e - Summon Ice Beast               Ice/Summoning                4
   f - Condensation Shield            Ice                          4
   Trog disapproves of the use of such an item.
Comestibles
 c - 7 bread rations
 p - 8 royal jellies


   Skills:
 - Level 3.6 Fighting
 + Level 18.9 Axes
 - Level 2.4 Armour
 - Level 2.1 Dodging


You had 10 spell levels left.
You didn't know any spells.

Dungeon Overview and Level Annotations

Branches:
Dungeon (9/15)             Temple (0/1) D:5            Lair (1/8) D:9
    Orc: D:9-12

Altars:
Cheibriados
Elyvilon
Fedhas
Makhleb
Okawaru
Qazlal
Ru
Sif Muna
Trog
Xom
Yredelemnul
The Shining One


Innate Abilities, Weirdness & Mutations

You reflexively headbutt those who attack you in melee.
You have a pair of horns on your head.


Message History

The flame cauterises the wound!
You slash the three-headed hydra! You burn the three-headed hydra.
You headbutt the three-headed hydra!
The three-headed hydra is heavily wounded.
The crocodile bites you. The three-headed hydra bites you.
The three-headed hydra bites you!
The three-headed hydra bites you but does no damage.
You hit the three-headed hydra. You burn the three-headed hydra.
Your headbutt misses the three-headed hydra.
The three-headed hydra is heavily wounded.
The crocodile bites you but does no damage.
The three-headed hydra closely misses you.
The three-headed hydra barely misses you.
The three-headed hydra bites you!
* * * LOW HITPOINT WARNING * * *
The crocodile bites you!
* * * LOW HITPOINT WARNING * * *
The three-headed hydra bites you!
* * * LOW HITPOINT WARNING * * *
The three-headed hydra bites you!
You die...

.#..............P..
.....#.#.#.#....+..
............#####..
.....#.#<#.#......
..................
.....#.#.#.#......
..................
####....+#######...
#...#...@D......
#....#...t.......
##...........#...
#...............
#...P.......#.>.
#....#P..#......
.................
##..............


You could see a three-headed hydra and a crocodile.

Vanquished Creatures
  Erica (D:9)
  Pikel (D:4)
  A centaur zombie (D:8)
  The ghost of JokEr the Insei, a novice OpTm (D:5)
  A fire drake (D:9)
  A queen bee (D:8)
  A troll (D:7)
  Grinder (D:4)
  A blink frog (Lair:1)
  7 yaks (D:9)
  A wyvern (D:7)
  A hungry ghost (D:7)
  An ice beast (D:6)
  A sky beast (D:6)
  A phantom (D:5)
  4 ogres
  2 orc warriors
  4 slaves (D:4)
  2 crocodiles (Lair:1)
  4 centaurs
  6 giant frogs
  A wyvern zombie (D:7)
  3 scorpions
  17 killer bees
  2 jellies
  2 giant frog zombies
  A crimson imp (D:5)
  3 orc priests
  A centaur skeleton (D:7)
  3 hounds
  4 iguanas
  9 orc wizards
  A gnoll shaman (D:7)
  Ijyb (D:2)
  6 worker ants
  A killer bee zombie (D:9)
  A hound skeleton (D:7)
  2 hound zombies
  17 gnolls
  12 adders
  2 worker ant zombies
  2 shadow imps
  2 oozes
  An adder zombie (D:8)
  2 worms (D:4)
  7 giant geckos
  21 orcs
  A ball python (D:1)
  3 giant cockroaches
  9 goblins
  10 hobgoblins
  6 jackals
  12 kobolds
  A ball python skeleton (D:4)
  10 bats
  3 giant gecko skeletons
  4 giant newts
  A jackal zombie (D:5)
  4 quokkas
  2 quokka skeletons (D:4)
  A quokka zombie (D:9)
  9 rats
243 creatures vanquished.

Vanquished Creatures (collateral kills)
  The ghost of PeterLawrence the Basher, a novice GrFi (D:8)
1 creature vanquished.

Grand Total: 244 creatures vanquished

Notes
Turn   | Place    | Note
--------------------------------------------------------------
     0 | D:1      | zero the Minotaur Berserker began the quest for the Orb.
     0 | D:1      | Reached XP level 1. HP: 19/19 MP: 0/0
    75 | D:1      | Reached skill level 4 in Axes
   354 | D:1      | Upgraded the game from 0.18-a0-750-g37044d6 to 0.18-a0-824-g47fe746
   367 | D:1      | Reached XP level 2. HP: 20/26 MP: 1/1
   737 | D:2      | Reached skill level 5 in Axes
   808 | D:2      | Reached ** piety under Trog
   975 | D:2      | Found a glowing golden altar of the Shining One.
   977 | D:2      | Noticed an angel
   990 | D:2      | Found a basalt altar of Yredelemnul.
  1047 | D:2      | Reached XP level 3. HP: 31/31 MP: 2/2
  1100 | D:2      | Noticed Ijyb
  1105 | D:2      | Killed Ijyb
  1483 | D:2      | Reached skill level 6 in Axes
  1483 | D:2      | Reached XP level 4. HP: 39/39 MP: 3/3
  1840 | D:3      | Found a stormy altar of Qazlal.
  1840 | D:3      | Found a shimmering altar of Xom.
  1842 | D:3      | Found an iron altar of Okawaru.
  1842 | D:3      | Found a white marble altar of Elyvilon.
  1842 | D:3      | Found a deep blue altar of Sif Muna.
  1843 | D:3      | Found a blossoming altar of Fedhas.
  1860 | D:3      | Reached XP level 5. HP: 28/45 MP: 4/4
  1862 | D:3      | Reached skill level 7 in Axes
  2413 | D:4      | Noticed a slave
  2414 | D:4      | Noticed a slave
  2414 | D:4      | Noticed a slave
  2415 | D:4      | Noticed Pikel
  2415 | D:4      | Noticed a slave
  2422 | D:4      | Killed a slave
  2424 | D:4      | Killed a slave
  2424 | D:4      | HP: 3/67 [Pikel/whip of flaming (1)]
  2425 | D:4      | Killed a slave
  2428 | D:4      | Killed a slave
  2429 | D:4      | Killed Pikel
  2429 | D:4      | Reached skill level 10 in Axes
  2429 | D:4      | Reached XP level 6. HP: 4/51 MP: 5/5
  2429 | D:4      | Reached XP level 7. HP: 4/57 MP: 6/6
  3018 | D:4      | Reached *** piety under Trog
  3238 | D:4      | Noticed Grinder
  3248 | D:4      | Killed Grinder
  3248 | D:4      | Reached skill level 11 in Axes
  3315 | D:4      | Reached XP level 8. HP: 21/64 MP: 7/7
  4142 | D:5      | Entered Level 5 of the Dungeon
  4160 | D:5      | Noticed JokEr's ghost (novice OpTm)
  4172 | D:5      | Killed JokEr's ghost
  4172 | D:5      | Reached skill level 12 in Axes
  4554 | D:5      | Reached skill level 13 in Axes
  4896 | D:5      | Found a staircase to the Ecumenical Temple.
  5468 | D:6      | Reached XP level 9. HP: 53/70 MP: 8/8
  5519 | D:6      | Reached skill level 14 in Axes
  5536 | D:6      | Reached **** piety under Trog
  5755 | D:6      | Noticed a moth of wrath
  5758 | D:6      | Found a bloodstained altar of Trog.
  5832 | D:6      | Found a burning altar of Makhleb.
  7317 | D:7      | Reached skill level 15 in Axes
  7757 | D:7      | Got a twisted trident
  7762 | D:7      | Identified the +8 trident of Starshine {freeze, Int+3} (You found it on level 7 of the Dungeon)
  8203 | D:7      | Reached skill level 16 in Axes
  8400 | D:8      | Reached XP level 10. HP: 72/77 MP: 9/9
  8778 | D:8      | Noticed PeterLawrence's ghost (novice GrFi)
  8801 | D:8      | Killed PeterLawrence's ghost
  9142 | D:8      | Reached skill level 17 in Axes
  9458 | D:8      | Found a sacrificial altar of Ru.
  9646 | D:8      | Found a snail-covered altar of Cheibriados.
 10120 | D:9      | Noticed Erica
 10140 | D:9      | Killed Erica
 10480 | D:9      | Reached skill level 18 in Axes
 10799 | D:9      | Found a staircase to the Lair.
 10879 | D:9      | Reached ***** piety under Trog
 11207 | D:9      | Reached XP level 11. HP: 82/82 MP: 10/10
 11218 | D:9      | Received a gift from Trog
 11452 | D:9      | Found a sacrificial altar of Ru.
 11521 | Lair:1   | Entered Level 1 of the Lair of Beasts
 11745 | Lair:1   | Noticed a four-headed hydra
 11752 | Lair:1   | HP: 2/82 [three-headed hydra (8)]
 11752 | Lair:1   | Mangled by a three-headed hydra

Vault maps used:
D:1:      minmay_arrival_checkered_box, minmay_misc_feat_more_columns
D:2:      grunt_temple_overflow_holy_war, uniq_iyjb
D:3:      grunt_temple_overflow_open
D:4:      minmay_tree_intersection, uniq_grinder, uniq_crazy_yiuf_cottage,
          uniq_pikel
D:5:      minmay_temple_entry_overgrown, first_bread
D:6:      kennysheep_mini_moat, tgw_trog, grunt_tough_drop
D:8:      kennysheep_little_box, nicolae_overflow_hidden_temple, david_nohive_1,
          nicolae_zen_rock_garden, cheibriados_altar_1
D:9:      minmay_lair_entry_lava, nicolae_ru_path_of_blood, uniq_erica
Lair:1:   st_stairs_8, worms_lemuel

Action                   |  1- 3 |  4- 6 |  7- 9 | 10-12 || total
-------------------------+-------+-------+-------+-------++-------
Melee: Hand axe          |    69 |    32 |       |       ||   101
       War axe           |       |    18 |   245 |    11 ||   274
       Trident           |       |       |    29 |   158 ||   187
       Battleaxe         |       |       |       |    14 ||    14
       Scimitar          |       |       |       |     3 ||     3
Invok: Berserk           |       |     2 |     9 |     1 ||    12
       Trog's Hand       |       |       |       |     1 ||     1
       Brothers in Arms  |       |       |       |     1 ||     1
  Use: Scroll            |       |       |     5 |    10 ||    15
       Potion            |       |       |       |     9 ||     9
  Eat: Chunk             |     1 |     3 |    29 |     3 ||    36
       Beef jerky        |     1 |       |     1 |       ||     2
       Bread ration      |       |       |     2 |       ||     2
       Meat ration       |       |       |     1 |     1 ||     2
       Royal jelly       |       |       |       |     1 ||     1
